 Dungeon Crawl Stone Soup version 0.17-a0-2122-g03d97ec (webtiles) character file.

65 Duffy the Slasher (level 4, -2/39 HPs)
             Began as a Naga Gladiator on Oct 21, 2015.
             Slain by Robin
             ... wielding a +0 club
              (3 damage)
             ... on level 3 of the Dungeon.
             The game lasted 00:02:53 (2950 turns).

Duffy the Slasher (Naga Gladiator)                  Turns: 2950, Time: 00:02:54

Health: -2/39      AC:  4    Str: 17    XL:     4   Next: 14%
Magic:  4/4        EV: 10    Int:  9    God:
Gold:   112        SH:  0    Dex: 12    Spells: 0 memorised, 3 levels left

rFire  . . .     SeeInvis +     a - +0 long sword
rCold  . . .     Clarity  .     b - +0 leather armour
rNeg   . . .     SustAt   .     (no shield)
rPois  +         Gourm    .     c - +0 helmet
rElec  .         Spirit   .     (no cloak)
rCorr  .         Warding  .     s - +0 pair of gloves
rMut   .         Stasis   .     (no barding)
MR     .....                    (no amulet)
Stlth  +.........               (no ring)
                                (no ring)

@: very slow, not resistant to hostile enchantments, very unstealthy
A: see invisible, deformed body, poison resistance, slowness 2, slow metabolism
1, spit poison 2, AC +1
a: Spit Poison


You were on level 3 of the Dungeon.
You were hungry.

You visited 1 branch of the dungeon, and saw 3 of its levels.

You collected 112 gold pieces.


Innate Abilities, Weirdness & Mutations

You cannot wear boots.
Your serpentine skin is tough (AC +1).
You have supernaturally acute eyesight.
Armour fits poorly on your strangely shaped body.
Your system is resistant to poisons.
You cover ground very slowly.
You have a slow metabolism.
You can spit poison.


   Skills:
 - Level 2.0 Fighting
 + Level 4.8 Long Blades
 - Level 1.8 Throwing
 - Level 2.4 Dodging


You had 3 spell levels left.
You didn't know any spells.

Inventory:

Hand Weapons
 a - a +0 long sword (weapon)
Missiles
 d - 4 throwing nets (quivered)
 h - 66 stones
Armour
 b - a +0 leather armour (worn)
 c - a +0 helmet (worn)
 s - a +0 pair of gloves (worn)
Wands
 q - a wand of slowing (27)
Scrolls
 f - a scroll of remove curse {unknown}
 g - 2 scrolls of blinking {unknown}
 p - 3 scrolls of random uselessness {unknown}
 r - a scroll of immolation {unknown}
 t - a scroll of recharging {unknown}
Potions
 i - a potion of heal wounds {unknown}
 k - a potion of lignification {unknown}
 m - a potion of cancellation {unknown}
 n - a potion of brilliance {unknown}
 o - a potion of agility {unknown}
Comestibles
 e - 2 bread rations
 j - 4 fruits
 l - 3 meat rations

Dungeon Overview and Level Annotations

Branches:
Dungeon (3/15)

Altars:
Dithmenos

Annotations:
D:3 Robin


Message History

The goblin is moderately wounded.
The goblin hits you but does no damage. x2
You closely miss the goblin.
The goblin is moderately wounded.
The goblin barely misses you. The goblin hits you but does no damage.
You barely miss the goblin.
The goblin is moderately wounded.
The goblin hits you but does no damage. The goblin misses you.
The goblin hits you but does no damage.
You slash the goblin!
You kill the goblin!
The goblin hits you with an uncursed club.
You barely miss Robin. The goblin barely misses you.
You barely miss Robin. Robin barely misses you. The goblin barely misses you.
You hit Robin but do no damage.
Robin roars a battlecry!
The goblin goes into a battle-frenzy!
Robin hits you with a club. The goblin misses you.
You barely miss Robin. Robin closely misses you. The goblin barely misses you.
Robin hits you with a club.
You completely miss Robin. The goblin hits you but does no damage.
Robin says, "Feeling lonely?"
Robin hits you but does no damage.
You hit Robin but do no damage. The goblin hits you but does no damage.
Robin roars a battlecry!
The goblins go into a battle-frenzy!
Robin hits you with a club.
You barely miss Robin.
The goblin hits you with an uncursed club.
Robin closely misses you.
You are feeling hungry.
You hit Robin.
Robin is moderately wounded.
The goblin closely misses you. Robin hits you with a club.
You die... .. ... #. #.# #. #.# #.###.# #.g...# #.##..######### #g #..ggggg.gg#

#.
#.########g#
gg #.# #@# g
#.# #####g#
#.# #.....#
#.# #.#####
#.# #.# ..#
#.# ### #.#
#.# #.#


You could see Robin and 3 goblins.

Action                   |  1- 3 |  4- 6 || total
-------------------------+-------+-------++-------
Melee: Long sword        |   144 |    25 ||   169
 Abil: Spit Poison       |     8 |     1 ||     9
 Stab: Sleeping          |     2 |       ||     2
  Eat: Chunk             |     5 |       ||     5

Notes
Turn   | Place    | Note
--------------------------------------------------------------
     0 | D:1      | Duffy the Naga Gladiator began the quest for the Orb.
     0 | D:1      | Reached XP level 1. HP: 19/19 MP: 1/1
   243 | D:1      | Reached XP level 2. HP: 21/26 MP: 2/2
  1262 | D:1      | Reached skill level 4 in Long Blades
  1270 | D:1      | Reached XP level 3. HP: 30/32 MP: 3/3
  1668 | D:2      | Found a shadowy altar of Dithmenos.
  2860 | D:2      | Reached XP level 4. HP: 39/39 MP: 4/4
  2913 | D:3      | Noticed Robin
  2950 | D:3      | Slain by Robin

Vault maps used:
D:1:      minmay_arrival_open_corners
D:2:      grunt_dithmenos_smoke_and_mirrors
D:3:      ecumenical_altar_1, uniq_robin

Vanquished Creatures
  An ooze
  A worm
  4 giant geckos
  A giant cockroach
  15 goblins
  6 hobgoblins
  8 kobolds
  A quokka
  8 bats
  4 giant newts
  7 rats
56 creatures vanquished.
